Punishers vs Monarchs
Created - 17 février 2014 at 19:52
Goals
|
| Punishers |
0 |
1 |
0 |
1 |
| Monarchs |
2 |
1 |
1 |
4 |
|
Shots
|
| Punishers |
12 |
12 |
12 |
36 |
| Monarchs |
9 |
16 |
17 |
42 |
|
1st period
1. Monarchs , Chris Clark 24 (Martin Sonnenberg, Patrik Berglund) at 12:02
2. Monarchs , Jarret Stoll 33 (Colton Orr) at 19:31
Penalties :
Adam McQuaid (Pro) for Holding (Minor) at 8:38, Chris Clark (MAN) for Roughing (Minor) at 14:23, Alyn McCauley (Pro) for Holding (Minor) at 19:54
2nd period
3. Monarchs , Colton Orr 12 (Travis Hamonic) at 3:37
4. Punishers , Tom Gilbert 5 (John Mitchell, Jimmie Olvestad) at 4:26
Penalties :
No Penalty
3rd period
5. Monarchs , Patrik Berglund 30 (Barry Tallackson, Bryan Bickell) at 16:42 (PP)
Penalties :
Marc-André Bergeron (Pro) for Hooking (Minor) at 4:33, Tom Gilbert (Pro) for Holding (Minor) at 11:15, Petteri Nokelainen (Pro) for Tripping (Minor) at 15:21
Goalie Stats
Karri Ramo (Pro), 38 saves from 42 shots - (0,905), L, 27-14-2, 60:00 minutes
Michael Leighton (MAN), 35 saves from 36 shots - (0,972), W, 15-9-6, 60:00 minutes
Players Stats for Punishers
Player Name G A P +/- PIM S H SB GA TA FO MP PP MP PK MP
------------------------------------------------------------------------------------
Adam McQuaid 0 0 0 0 2 1 0 0 0 0 0/0 5:32 0:00 1:24
Alyn McCauley 0 0 0 0 2 1 1 0 0 0 13/31 20:19 0:56 3:13
Brandon McMillan 0 0 0 0 0 0 0 0 0 0 2/7 8:58 0:00 0:00
Chris Conner 0 0 0 -1 0 2 0 0 0 0 1/1 12:30 0:00 0:00
Jason Demers 0 0 0 0 0 1 2 5 0 1 0/0 26:59 1:32 5:51
Jean-Luc Grand-Pierre 0 0 0 -1 0 2 1 3 0 0 0/0 18:32 0:27 3:26
Jere Lehtinen 0 0 0 -1 0 4 0 0 0 0 0/0 12:01 1:03 0:00
Jimmie Olvestad 0 1 1 -1 0 3 2 1 1 0 0/0 17:33 1:03 3:37
John Mitchell 0 1 1 -1 0 2 0 0 0 0 4/14 14:35 1:03 1:02
Justin Falk 0 0 0 -1 0 0 0 2 0 0 0/0 10:20 0:00 0:00
Kris Chucko 0 0 0 -1 0 1 0 0 0 1 0/0 11:21 0:00 0:23
Marc-André Bergeron 0 0 0 -1 2 3 0 0 0 1 0/0 16:35 1:32 0:00
Mark Fraser 0 0 0 -1 0 0 0 2 1 0 0/0 13:46 0:00 3:26
Mike Blunden 0 0 0 0 0 1 0 0 0 0 0/2 8:42 0:00 0:00
Mike Grier 0 0 0 0 0 5 3 0 0 0 4/10 22:16 0:56 5:02
Mike Weber 0 0 0 0 0 0 0 0 0 0 0/0 4:09 0:00 0:00
Petteri Nokelainen 0 0 0 -1 2 1 0 0 0 0 2/3 10:57 0:00 0:00
Tanner Glass 0 0 0 0 0 2 1 1 0 0 0/0 8:42 0:00 0:00
Tom Gilbert 1 0 1 0 2 3 0 2 0 1 0/0 24:27 0:27 4:27
Viktor Stalberg 0 0 0 0 0 4 2 0 0 0 0/1 22:24 0:56 5:17
Players Stats for Monarchs
Player Name G A P +/- PIM S H SB GA TA FO MP PP MP PK MP
------------------------------------------------------------------------------------
Anthony Peluso 0 0 0 0 0 0 2 0 0 0 1/1 7:58 0:00 0:00
Barry Tallackson 0 1 1 0 0 1 1 2 0 0 0/0 15:27 4:08 0:36
Bryan Bickell 0 1 1 1 0 1 3 2 0 0 0/0 17:02 4:18 0:11
Carl Hagelin 0 0 0 0 0 2 0 0 0 0 0/0 7:58 0:00 0:00
Chris Clark 1 0 1 1 2 3 1 2 0 0 2/4 22:17 4:56 0:00
Colby Robak 0 0 0 1 0 0 1 2 0 0 0/0 13:31 0:00 0:00
Colton Orr 1 1 2 1 0 2 0 1 0 0 1/2 12:54 0:13 0:00
Daniel Tjarnqvist 0 0 0 2 0 3 2 0 0 0 0/0 20:00 4:22 0:57
Jamie McGinn 0 0 0 0 0 0 0 0 0 0 0/0 0:14 0:03 0:00
Jarret Stoll 1 0 1 1 0 7 2 0 0 0 9/17 18:39 4:56 1:08
Jonathan Matsumoto 0 0 0 0 0 2 0 0 0 0 2/4 11:51 0:17 0:00
Kevin Marshall 0 0 0 1 0 2 1 1 0 0 0/0 14:57 0:00 1:02
Martin Sonnenberg 0 1 1 1 0 4 1 0 3 1 2/5 22:39 4:52 1:08
Patrice Cormier 0 0 0 0 0 1 0 0 0 0 4/5 7:58 0:00 0:00
Patrik Berglund 1 1 2 1 0 4 0 1 0 0 21/30 21:05 4:08 0:20
Raphael Diaz 0 0 0 -1 0 8 2 1 0 0 0/0 25:02 4:22 0:57
Slava Voynov 0 0 0 2 0 2 0 0 0 1 0/0 21:28 4:55 0:00
Travis Hamonic 0 1 1 -1 0 0 1 3 0 0 0/0 25:02 4:55 1:02
Zach Boychuk 0 0 0 0 0 0 2 0 1 0 1/1 11:58 0:00 0:35
3 Stars
1 - Michael Leighton (MAN)
2 - Colton Orr (MAN)
3 - Patrik Berglund (MAN)
Power Play
Punishers - 0 on 1 Attempt(s) - 0,00%
Monarchs - 1 on 5 Attempt(s) - 20,00%
Penalty Kill
Punishers - 4 on 5 Attempt(s) - 80,00%
- Score 0 goal in Penalty Kill
Monarchs - 1 on 1 Attempt(s) - 100,00%
- Score 0 goal in Penalty Kill
Official
Referees : Pollock Kevin and Rehman Kyle
Linesman : Pierre Racicot and Scott Cherrey
Game Notes
No Game Note
Finance
Level 1 -- Attendance: 1542 (77,10%) -- Ticket Income 53 970 $
Level 2 -- Attendance: 769 (76,90%) -- Ticket Income 11 535 $
Total Attendance: 2311 (77,03%)
Total Ticket Income: 65 505 $
Other Income: 3 275 $
Total Income: 68 780 $
Punishers
5 vs 5 Forward
Center Left Wing Right Wing Time % Phy DF OF
1 Alyn McCauley Viktor Stalberg Mike Grier 40 1 2 2
2 John Mitchell Jimmie Olvestad Chris Conner 30 1 2 2
3 Petteri Nokelainen Kris Chucko Jere Lehtinen 20 1 2 2
4 Brandon McMillan Tanner Glass Mike Blunden 10 1 2 2
5 vs 5 Defense
Defense Defense Time % Phy DF OF
1 Tom Gilbert Jason Demers 40 1 2 2
2 Marc-André Bergeron Jean-Luc Grand-Pierre 30 1 2 2
3 Justin Falk Mark Fraser 20 1 2 2
4 Mike Weber Adam McQuaid 10 1 2 2
PowerPlay Forward
Center Left Wing Right Wing Time % Phy DF OF
1 Alyn McCauley Viktor Stalberg Mike Grier 60 1 2 2
2 John Mitchell Jimmie Olvestad Jere Lehtinen 40 1 2 2
PowerPlay Defense
Defense Defense Time % Phy DF OF
1 Jason Demers Marc-André Bergeron 60 1 2 2
2 Tom Gilbert Jean-Luc Grand-Pierre 40 1 2 2
Penalty Kill 4 Players Forward
Center Wing Time % Phy DF OF
1 Mike Grier Viktor Stalberg 60 1 2 2
2 Alyn McCauley Jimmie Olvestad 40 1 2 2
Penalty Kill 4 Players Defense
Defense Defense Time % Phy DF OF
1 Tom Gilbert Jason Demers 60 1 2 2
2 Mark Fraser Jean-Luc Grand-Pierre 40 1 2 2
Penalty Kill - 3 Players Forward
Forward Time % Phy DF OF
1 Mike Grier 60 1 2 2
2 Viktor Stalberg 40 1 2 2
Penalty Kill - 3 Players Defense
Defense Defense Time % Phy DF OF
1 Tom Gilbert Jason Demers 60 1 2 2
2 Mark Fraser Jean-Luc Grand-Pierre 40 1 2 2
4 vs 4 Forward
Center Wing Time % Phy DF OF
1 Mike Grier Viktor Stalberg 60 1 2 2
2 Alyn McCauley Jimmie Olvestad 40 1 2 2
4 vs 4 Defense
Defense Defense Time % Phy DF OF
1 Tom Gilbert Marc-André Bergeron 60 1 2 2
2 Jason Demers Jean-Luc Grand-Pierre 40 1 2 2
Last Minutes Offensive
Center Left Wing Right Wing Defense Defense
Alyn McCauley Viktor Stalberg Jere Lehtinen Tom Gilbert Marc-André Bergeron
Last Minutes Defensive
Center Left Wing Right Wing Defense Defense
Alyn McCauley Viktor Stalberg Mike Grier Tom Gilbert Jason Demers
Goaltenders
Starting : Karri Ramo
Backup : Kevin Poulin
Extra Forwards
Normal : Brandon McMillan, Viktor Stalberg, Tanner Glass - PP : Brandon McMillan, Tanner Glass - PK : Alyn McCauley
Extra Defensemen
Normal : Mike Weber, Adam McQuaid, Jason Demers - PP : Mike Weber - PK : Adam McQuaid, Mike Weber
Penalty Shots
Jimmie Olvestad, Viktor Stalberg, Jere Lehtinen, Mike Grier, Chris Conner
Monarchs
5 vs 5 Forward
Center Left Wing Right Wing Time % Phy DF OF
1 Patrik Berglund Martin Sonnenberg Chris Clark 45 1 2 2
2 Jarret Stoll Bryan Bickell Colton Orr 30 1 2 2
3 Jonathan Matsumoto Zach Boychuk Barry Tallackson 20 1 2 2
4 Patrice Cormier Carl Hagelin Anthony Peluso 5 1 2 2
5 vs 5 Defense
Defense Defense Time % Phy DF OF
1 Travis Hamonic Raphael Diaz 40 1 2 2
2 Daniel Tjarnqvist Slava Voynov 30 1 2 2
3 Kevin Marshall Colby Robak 20 1 2 2
4 Slava Voynov Raphael Diaz 10 1 2 2
PowerPlay Forward
Center Left Wing Right Wing Time % Phy DF OF
1 Jarret Stoll Martin Sonnenberg Chris Clark 60 1 2 2
2 Patrik Berglund Bryan Bickell Barry Tallackson 40 1 2 2
PowerPlay Defense
Defense Defense Time % Phy DF OF
1 Daniel Tjarnqvist Raphael Diaz 60 1 2 2
2 Slava Voynov Travis Hamonic 40 1 2 2
Penalty Kill 4 Players Forward
Center Wing Time % Phy DF OF
1 Martin Sonnenberg Jarret Stoll 60 1 2 2
2 Chris Clark Barry Tallackson 40 1 2 2
Penalty Kill 4 Players Defense
Defense Defense Time % Phy DF OF
1 Daniel Tjarnqvist Raphael Diaz 60 1 2 2
2 Kevin Marshall Travis Hamonic 40 1 2 2
Penalty Kill - 3 Players Forward
Forward Time % Phy DF OF
1 Martin Sonnenberg 60 1 2 2
2 Jarret Stoll 40 1 2 2
Penalty Kill - 3 Players Defense
Defense Defense Time % Phy DF OF
1 Daniel Tjarnqvist Raphael Diaz 60 1 2 2
2 Kevin Marshall Travis Hamonic 40 1 2 2
4 vs 4 Forward
Center Wing Time % Phy DF OF
1 Martin Sonnenberg Jarret Stoll 60 1 2 2
2 Chris Clark Barry Tallackson 40 1 2 2
4 vs 4 Defense
Defense Defense Time % Phy DF OF
1 Daniel Tjarnqvist Raphael Diaz 60 1 2 2
2 Kevin Marshall Travis Hamonic 40 1 2 2
Last Minutes Offensive
Center Left Wing Right Wing Defense Defense
Jarret Stoll Martin Sonnenberg Chris Clark Daniel Tjarnqvist Raphael Diaz
Last Minutes Defensive
Center Left Wing Right Wing Defense Defense
Jarret Stoll Martin Sonnenberg Chris Clark Daniel Tjarnqvist Raphael Diaz
Goaltenders
Starting : Michael Leighton
Backup : Richard Bachman
Extra Forwards
Normal : Jonathan Matsumoto, Barry Tallackson, Zach Boychuk - PP : Jonathan Matsumoto, Barry Tallackson - PK : Zach Boychuk
Extra Defensemen
Normal : Raphael Diaz, Kevin Marshall, Slava Voynov - PP : Kevin Marshall - PK : Kevin Marshall, Slava Voynov
Penalty Shots
Martin Sonnenberg, Jarret Stoll, Chris Clark, Barry Tallackson, Patrik Berglund
% Time on Ice - Punishers
Lines # - Real PCT - Wanted PCT - Time Play
Normal Forward
1 - 34% - 40% - 16:34
2 - 26% - 30% - 12:30
3 - 23% - 20% - 10:58
4 - 18% - 10% - 8:42
Normal Defense
1 - 40% - 40% - 19:36
2 - 30% - 30% - 14:39
3 - 21% - 20% - 10:20
4 - 9% - 10% - 4:09
PP Forward
1 - 47% - 60% - 0:56
2 - 53% - 40% - 1:03
PP Defense
1 - 77% - 60% - 1:32
2 - 23% - 40% - 0:27
PK Forward
1 - 72% - 60% - 6:43
2 - 28% - 40% - 2:34
PK Defense
1 - 63% - 60% - 5:51
2 - 37% - 40% - 3:26
PK3 Forward
1 - 0% - 60%
2 - 0% - 40%
PK3 Defense
1 - 0% - 60%
2 - 0% - 40%
44 Forward
1 - 0% - 60%
2 - 0% - 40%
44 Defense
1 - 0% - 60%
2 - 0% - 40%
Last Minute Offensive - 0:00
Last Minute Defensive - 0:00
Total
Forward - 60:00
Defense - 60:00
|
% Time on Ice - Monarchs
Lines # - Real PCT - Wanted PCT - Time Play
Normal Forward
1 - 35% - 45% - 16:50
2 - 26% - 30% - 12:33
3 - 23% - 20% - 11:23
4 - 16% - 5% - 7:58
Normal Defense
1 - 37% - 40% - 18:16
2 - 32% - 30% - 15:30
3 - 28% - 20% - 13:31
4 - 3% - 10% - 1:27
PP Forward
1 - 55% - 60% - 5:09
2 - 45% - 40% - 4:08
PP Defense
1 - 47% - 60% - 4:22
2 - 53% - 40% - 4:55
PK Forward
1 - 70% - 60% - 1:23
2 - 30% - 40% - 0:36
PK Defense
1 - 48% - 60% - 0:57
2 - 52% - 40% - 1:02
PK3 Forward
1 - 0% - 60%
2 - 0% - 40%
PK3 Defense
1 - 0% - 60%
2 - 0% - 40%
44 Forward
1 - 0% - 60%
2 - 0% - 40%
44 Defense
1 - 0% - 60%
2 - 0% - 40%
Last Minute Offensive - 0:00
Last Minute Defensive - 0:00
Total
Forward - 60:00
Defense - 60:00
|
Play by Play
1st period
0:01 of 1st period - Patrik Berglund wins face-off versus Alyn McCauley in neutral zone.
0:04 of 1st period - Alyn McCauley is hit by Martin Sonnenberg and loses puck.
1:10 of 1st period - Wrist shot by Mike Blunden.
1:10 of 1st period - Stopped by Michael Leighton without a rebound.
1:11 of 1st period - Patrik Berglund wins face-off versus Brandon McMillan in Monarchs zone.
1:20 of 1st period - Snap shot by Tanner Glass.
1:20 of 1st period - Stopped by Michael Leighton with a rebound.
1:38 of 1st period - Mike Weber is hit by Bryan Bickell.
2:58 of 1st period - Wrist shot by Patrik Berglund.
2:58 of 1st period - Stopped by Karri Ramo with a rebound.
3:04 of 1st period - Daniel Tjarnqvist is hit by Alyn McCauley and loses puck.
3:50 of 1st period - Wrist shot by Mike Blunden.
3:50 of 1st period - Deflect By Tanner Glass.
3:50 of 1st period - Shot Misses the Net.
3:50 of 1st period - Puck is out of play.
3:51 of 1st period - Brandon McMillan wins face-off versus Patrice Cormier in Monarchs zone.
3:52 of 1st period - Slapshot by Tom Gilbert.
3:52 of 1st period - Shot Blocked by Raphael Diaz.
4:16 of 1st period - Slapshot by Marc-André Bergeron.
4:16 of 1st period - Deflect By Tanner Glass.
4:16 of 1st period - Stopped by Michael Leighton without a rebound.
4:17 of 1st period - Alyn McCauley wins face-off versus Patrik Berglund in Monarchs zone.
4:28 of 1st period - Wrist shot by Alyn McCauley.
4:28 of 1st period - Shot Misses the Net.
4:42 of 1st period - Wrist shot by Jere Lehtinen.
4:42 of 1st period - Stopped by Michael Leighton without a rebound.
4:43 of 1st period - Petteri Nokelainen wins face-off versus Colton Orr in Monarchs zone.
5:08 of 1st period - Jason Demers is hit by Travis Hamonic and loses puck.
5:17 of 1st period - Snap shot by Kris Chucko.
5:17 of 1st period - Stopped by Michael Leighton with a rebound.
5:37 of 1st period - Slapshot by Tom Gilbert.
5:37 of 1st period - Shot Misses the Net.
6:03 of 1st period - Wrist shot by Petteri Nokelainen.
6:03 of 1st period - Shot Misses the Net.
6:05 of 1st period - Snap shot by Petteri Nokelainen.
6:05 of 1st period - Shot Misses the Net.
6:07 of 1st period - Snap shot by Kris Chucko.
6:07 of 1st period - Shot Misses the Net.
6:33 of 1st period - Slapshot by Tom Gilbert.
6:33 of 1st period - Shot Blocked by Barry Tallackson.
6:35 of 1st period - Snap shot by Jere Lehtinen.
6:35 of 1st period - Shot Misses the Net.
6:51 of 1st period - Slapshot by Jere Lehtinen.
6:51 of 1st period - Shot Blocked by Travis Hamonic.
6:53 of 1st period - Slapshot by Tom Gilbert.
6:53 of 1st period - Stopped by Michael Leighton without a rebound.
6:54 of 1st period - Patrik Berglund wins face-off versus Alyn McCauley in Monarchs zone.
8:08 of 1st period - Patrik Berglund is hit by Mike Grier and loses puck.
8:35 of 1st period - Snap shot by Jarret Stoll.
8:35 of 1st period - Stopped by Karri Ramo without a rebound.
8:36 of 1st period - Alyn McCauley wins face-off versus Jarret Stoll in Punishers zone.
8:38 of 1st period - Minor Penalty to Adam McQuaid for Holding.
8:39 of 1st period - Mike Grier wins face-off versus Jarret Stoll in Punishers zone.
9:09 of 1st period - Mike Grier is hit by Bryan Bickell and loses puck.
10:04 of 1st period - Jason Demers is hit by Barry Tallackson and loses puck.
10:38 of 1st period - Penalty to Adam McQuaid is over, Adam McQuaid is back on ice.
10:43 of 1st period - Adam McQuaid is hit by Raphael Diaz.
10:53 of 1st period - Wrist shot by Viktor Stalberg.
10:53 of 1st period - Stopped by Michael Leighton without a rebound.
10:54 of 1st period - Patrice Cormier wins face-off versus John Mitchell in Monarchs zone.
11:08 of 1st period - Wrist shot by Jimmie Olvestad.
11:08 of 1st period - Stopped by Michael Leighton without a rebound.
11:09 of 1st period - John Mitchell wins face-off versus Martin Sonnenberg in Monarchs zone.
11:10 of 1st period - Wrist shot by Jimmie Olvestad.
11:10 of 1st period - Shot Blocked by Chris Clark.
11:13 of 1st period - Icing by Martin Sonnenberg.
11:14 of 1st period - Chris Conner wins face-off versus Chris Clark in Monarchs zone.
11:48 of 1st period - Snap shot by Viktor Stalberg.
11:48 of 1st period - Deflect By Mike Grier.
11:48 of 1st period - Stopped by Michael Leighton without a rebound.
11:49 of 1st period - Patrik Berglund wins face-off versus John Mitchell in Monarchs zone.
11:56 of 1st period - Wrist shot by Martin Sonnenberg.
11:56 of 1st period - Shot Misses the Net.
11:58 of 1st period - Slapshot by Martin Sonnenberg.
11:58 of 1st period - Shot Misses the Net.
12:00 of 1st period - Wrist shot by Martin Sonnenberg.
12:00 of 1st period - Shot Misses the Net.
12:02 of 1st period - Snap shot by Chris Clark.
12:02 of 1st period - Goal by Chris Clark - Punishers : 0 - Monarchs : 1.
12:03 of 1st period - Alyn McCauley wins face-off versus Patrik Berglund in neutral zone.
12:40 of 1st period - Jarret Stoll is hit by Jean-Luc Grand-Pierre and loses puck.
13:21 of 1st period - Wrist shot by Chris Clark.
13:21 of 1st period - Shot Misses the Net.
13:23 of 1st period - Snap shot by Chris Clark.
13:23 of 1st period - Shot Blocked by Jason Demers.
13:40 of 1st period - Slapshot by Kevin Marshall.
13:40 of 1st period - Shot Misses the Net.
13:50 of 1st period - Viktor Stalberg is hit by Colby Robak and loses puck.
13:59 of 1st period - Snap shot by Bryan Bickell.
13:59 of 1st period - Shot Misses the Net.
14:01 of 1st period - Snap shot by Jarret Stoll.
14:01 of 1st period - Stopped by Karri Ramo without a rebound.
14:02 of 1st period - John Mitchell wins face-off versus Patrik Berglund in Punishers zone.
14:23 of 1st period - Minor Penalty to Chris Clark for Roughing.
14:24 of 1st period - Alyn McCauley wins face-off versus Martin Sonnenberg in Monarchs zone.
14:35 of 1st period - Snap shot by Viktor Stalberg.
14:35 of 1st period - Shot Misses the Net.
14:37 of 1st period - Slapshot by Jason Demers.
14:37 of 1st period - Shot Misses the Net.
16:02 of 1st period - Slapshot by Barry Tallackson.
16:02 of 1st period - Shot Blocked by Jason Demers.
16:09 of 1st period - Icing by Jason Demers.
16:10 of 1st period - Martin Sonnenberg wins face-off versus John Mitchell in Punishers zone.
16:23 of 1st period - Penalty to Chris Clark is over, Chris Clark is back on ice.
16:43 of 1st period - Snap shot by Jonathan Matsumoto.
16:43 of 1st period - Stopped by Karri Ramo with a rebound.
17:19 of 1st period - Daniel Tjarnqvist is hit by Mike Grier and loses puck.
17:41 of 1st period - Snap shot by Jimmie Olvestad.
17:41 of 1st period - Stopped by Michael Leighton with a rebound.
18:05 of 1st period - Off-side.
18:06 of 1st period - Patrik Berglund wins face-off versus Brandon McMillan in neutral zone.
18:15 of 1st period - Wrist shot by Marc-André Bergeron.
18:15 of 1st period - Stopped by Michael Leighton without a rebound.
18:16 of 1st period - Alyn McCauley wins face-off versus Jarret Stoll in Monarchs zone.
18:27 of 1st period - Wrist shot by Viktor Stalberg.
18:27 of 1st period - Stopped by Michael Leighton with a rebound.
18:29 of 1st period - Slapshot by Jean-Luc Grand-Pierre.
18:29 of 1st period - Deflect By Alyn McCauley.
18:29 of 1st period - Shot Misses the Net.
18:29 of 1st period - Puck is out of play.
18:30 of 1st period - Patrik Berglund wins face-off versus Alyn McCauley in Monarchs zone.
18:37 of 1st period - Wrist shot by Martin Sonnenberg.
18:37 of 1st period - Stopped by Karri Ramo without a rebound.
18:38 of 1st period - Alyn McCauley wins face-off versus Patrik Berglund in Punishers zone.
18:45 of 1st period - Wrist shot by Viktor Stalberg.
18:45 of 1st period - Shot Blocked by Travis Hamonic.
19:01 of 1st period - Wrist shot by Viktor Stalberg.
19:01 of 1st period - Shot Misses the Net.
19:23 of 1st period - Snap shot by Patrik Berglund.
19:23 of 1st period - Deflect By Martin Sonnenberg.
19:23 of 1st period - Stopped by Karri Ramo without a rebound.
19:24 of 1st period - Colton Orr wins face-off versus John Mitchell in Punishers zone.
19:31 of 1st period - Slapshot by Jarret Stoll.
19:31 of 1st period - Goal by Jarret Stoll - Punishers : 0 - Monarchs : 2.
19:32 of 1st period - Mike Grier wins face-off versus Chris Clark in neutral zone.
19:42 of 1st period - Snap shot by Raphael Diaz.
19:42 of 1st period - Deflect By Alyn McCauley.
19:42 of 1st period - Stopped by Karri Ramo with a rebound.
19:44 of 1st period - Slapshot by Raphael Diaz.
19:44 of 1st period - Shot Misses the Net.
19:54 of 1st period - Minor Penalty to Alyn McCauley for Holding.
19:55 of 1st period - Jarret Stoll wins face-off versus Mike Grier in Punishers zone.
Goals for this period are 0 for Punishers vs 2 for Monarchs .
Shots for this period are 12 for Punishers vs 9 for Monarchs .
2nd period
0:01 of 2nd period - Jarret Stoll wins face-off versus Mike Grier in neutral zone.
0:38 of 2nd period - Slapshot by Raphael Diaz.
0:38 of 2nd period - Shot Blocked by Jimmie Olvestad.
0:40 of 2nd period - Slapshot by Raphael Diaz.
0:40 of 2nd period - Stopped by Karri Ramo without a rebound.
0:41 of 2nd period - Patrik Berglund wins face-off versus Mike Grier in Punishers zone.
0:42 of 2nd period - Slapshot by Barry Tallackson.
0:42 of 2nd period - Shot Misses the Net.
0:48 of 2nd period - Slapshot by Mike Grier.
0:48 of 2nd period - Stopped by Michael Leighton without a rebound.
0:49 of 2nd period - Patrik Berglund wins face-off versus Mike Grier in Monarchs zone.
1:54 of 2nd period - Penalty to Alyn McCauley is over, Alyn McCauley is back on ice.
2:30 of 2nd period - Slapshot by Tom Gilbert.
2:30 of 2nd period - Shot Misses the Net.
2:32 of 2nd period - Slapshot by Jere Lehtinen.
2:32 of 2nd period - Shot Misses the Net.
3:04 of 2nd period - Slapshot by Patrik Berglund.
3:04 of 2nd period - Shot Blocked by Jean-Luc Grand-Pierre.
3:06 of 2nd period - Snap shot by Kevin Marshall.
3:06 of 2nd period - Stopped by Karri Ramo with a rebound.
3:08 of 2nd period - Slapshot by Martin Sonnenberg.
3:08 of 2nd period - Stopped by Karri Ramo without a rebound.
3:09 of 2nd period - Patrik Berglund wins face-off versus John Mitchell in Punishers zone.
3:12 of 2nd period - Wrist shot by Martin Sonnenberg.
3:12 of 2nd period - Stopped by Karri Ramo with a rebound.
3:14 of 2nd period - Wrist shot by Chris Clark.
3:14 of 2nd period - Shot Misses the Net.
3:16 of 2nd period - Wrist shot by Raphael Diaz.
3:16 of 2nd period - Stopped by Karri Ramo with a rebound.
3:32 of 2nd period - Jere Lehtinen is hit by Jarret Stoll and loses puck.
3:37 of 2nd period - Wrist shot by Colton Orr.
3:37 of 2nd period - Goal by Colton Orr - Punishers : 0 - Monarchs : 3.
3:38 of 2nd period - Alyn McCauley wins face-off versus Patrik Berglund in neutral zone.
3:43 of 2nd period - Snap shot by Mike Grier.
3:43 of 2nd period - Stopped by Michael Leighton with a rebound.
3:47 of 2nd period - Snap shot by Viktor Stalberg.
3:47 of 2nd period - Shot Blocked by Chris Clark.
3:49 of 2nd period - Snap shot by Alyn McCauley.
3:49 of 2nd period - Deflect By Viktor Stalberg.
3:49 of 2nd period - Stopped by Michael Leighton without a rebound.
3:50 of 2nd period - Patrik Berglund wins face-off versus Alyn McCauley in Monarchs zone.
4:24 of 2nd period - Snap shot by John Mitchell.
4:24 of 2nd period - Stopped by Michael Leighton with a rebound.
4:26 of 2nd period - Slapshot by Tom Gilbert.
4:26 of 2nd period - Goal by Tom Gilbert - Punishers : 1 - Monarchs : 3.
4:27 of 2nd period - Chris Clark wins face-off versus Alyn McCauley in neutral zone.
5:13 of 2nd period - Snap shot by Jere Lehtinen.
5:13 of 2nd period - Stopped by Michael Leighton without a rebound.
5:14 of 2nd period - Zach Boychuk wins face-off versus Petteri Nokelainen in Monarchs zone.
5:49 of 2nd period - Snap shot by Mike Grier.
5:49 of 2nd period - Deflect By Raphael Diaz.
5:49 of 2nd period - Shot Misses the Net.
5:49 of 2nd period - Puck is out of play.
5:50 of 2nd period - John Mitchell wins face-off versus Jarret Stoll in Monarchs zone.
6:03 of 2nd period - Slapshot by John Mitchell.
6:03 of 2nd period - Stopped by Michael Leighton without a rebound.
6:04 of 2nd period - Patrik Berglund wins face-off versus Viktor Stalberg in Monarchs zone.
6:09 of 2nd period - Snap shot by Chris Clark.
6:09 of 2nd period - Shot Misses the Net.
6:51 of 2nd period - Off-side.
6:52 of 2nd period - Anthony Peluso wins face-off versus Alyn McCauley in neutral zone.
7:06 of 2nd period - Slapshot by Mike Grier.
7:06 of 2nd period - Shot Misses the Net.
7:08 of 2nd period - Wrist shot by Viktor Stalberg.
7:08 of 2nd period - Stopped by Michael Leighton with a rebound.
7:42 of 2nd period - Snap shot by Bryan Bickell.
7:42 of 2nd period - Shot Misses the Net.
7:44 of 2nd period - Slapshot by Bryan Bickell.
7:44 of 2nd period - Deflect By Jarret Stoll.
7:44 of 2nd period - Stopped by Karri Ramo with a rebound.
7:46 of 2nd period - Wrist shot by Jarret Stoll.
7:46 of 2nd period - Stopped by Karri Ramo with a rebound.
7:48 of 2nd period - Wrist shot by Bryan Bickell.
7:48 of 2nd period - Stopped by Karri Ramo with a rebound.
7:50 of 2nd period - Snap shot by Colton Orr.
7:50 of 2nd period - Shot Blocked by Jason Demers.
8:00 of 2nd period - Slapshot by Tom Gilbert.
8:00 of 2nd period - Stopped by Michael Leighton without a rebound.
8:01 of 2nd period - Jonathan Matsumoto wins face-off versus Mike Blunden in Monarchs zone.
8:05 of 2nd period - Off-side.
8:06 of 2nd period - Patrik Berglund wins face-off versus Brandon McMillan in neutral zone.
8:58 of 2nd period - Slapshot by Marc-André Bergeron.
8:58 of 2nd period - Stopped by Michael Leighton without a rebound.
8:59 of 2nd period - Patrik Berglund wins face-off versus Alyn McCauley in Monarchs zone.
9:08 of 2nd period - Patrik Berglund is hit by Viktor Stalberg and loses puck.
9:27 of 2nd period - Wrist shot by Bryan Bickell.
9:27 of 2nd period - Shot Misses the Net.
9:29 of 2nd period - Slapshot by Daniel Tjarnqvist.
9:29 of 2nd period - Stopped by Karri Ramo with a rebound.
9:31 of 2nd period - Slapshot by Slava Voynov.
9:31 of 2nd period - Stopped by Karri Ramo without a rebound.
9:32 of 2nd period - Jarret Stoll wins face-off versus John Mitchell in Punishers zone.
10:06 of 2nd period - Colby Robak is hit by Jimmie Olvestad and loses puck.
10:19 of 2nd period - Slapshot by Chris Conner.
10:19 of 2nd period - Shot Misses the Net.
10:21 of 2nd period - Wrist shot by John Mitchell.
10:21 of 2nd period - Shot Blocked by Kevin Marshall.
10:23 of 2nd period - Snap shot by Chris Conner.
10:23 of 2nd period - Shot Misses the Net.
10:31 of 2nd period - Wrist shot by Chris Conner.
10:31 of 2nd period - Stopped by Michael Leighton with a rebound.
10:33 of 2nd period - Slapshot by Jean-Luc Grand-Pierre.
10:33 of 2nd period - Stopped by Michael Leighton without a rebound.
10:34 of 2nd period - Jarret Stoll wins face-off versus Alyn McCauley in Monarchs zone.
10:43 of 2nd period - Slapshot by Raphael Diaz.
10:43 of 2nd period - Stopped by Karri Ramo with a rebound.
12:00 of 2nd period - Slapshot by Slava Voynov.
12:00 of 2nd period - Deflect By Colton Orr.
12:00 of 2nd period - Stopped by Karri Ramo with a rebound.
12:12 of 2nd period - Wrist shot by Chris Clark.
12:12 of 2nd period - Shot Blocked by Jean-Luc Grand-Pierre.
12:14 of 2nd period - Slapshot by Slava Voynov.
12:14 of 2nd period - Shot Blocked by Jean-Luc Grand-Pierre.
12:16 of 2nd period - Wrist shot by Patrik Berglund.
12:16 of 2nd period - Deflect By Chris Clark.
12:16 of 2nd period - Stopped by Karri Ramo without a rebound.
12:17 of 2nd period - Alyn McCauley wins face-off versus Patrik Berglund in Punishers zone.
12:50 of 2nd period - Off-side.
12:51 of 2nd period - Chris Clark wins face-off versus Alyn McCauley in neutral zone.
13:56 of 2nd period - Brandon McMillan is hit by Anthony Peluso and loses puck.
14:01 of 2nd period - Snap shot by Raphael Diaz.
14:01 of 2nd period - Deflect By Jason Demers.
14:01 of 2nd period - Stopped by Karri Ramo with a rebound.
14:29 of 2nd period - Wrist shot by Chris Clark.
14:29 of 2nd period - Stopped by Karri Ramo with a rebound.
14:49 of 2nd period - Mike Grier is hit by Bryan Bickell and loses puck.
15:40 of 2nd period - Mark Fraser is hit by Kevin Marshall and loses puck.
15:49 of 2nd period - Snap shot by Carl Hagelin.
15:49 of 2nd period - Shot Misses the Net.
15:53 of 2nd period - Snap shot by Carl Hagelin.
15:53 of 2nd period - Shot Misses the Net.
16:39 of 2nd period - Wrist shot by Chris Clark.
16:39 of 2nd period - Shot Misses the Net.
18:02 of 2nd period - Chris Conner is hit by Daniel Tjarnqvist.
18:10 of 2nd period - Slapshot by Carl Hagelin.
18:10 of 2nd period - Shot Blocked by Justin Falk.
19:00 of 2nd period - Viktor Stalberg is hit by Chris Clark.
19:12 of 2nd period - Barry Tallackson is hit by Tanner Glass and loses puck.
19:18 of 2nd period - Off-side.
19:19 of 2nd period - Patrik Berglund wins face-off versus Mike Blunden in neutral zone.
Goals for this period are 1 for Punishers vs 1 for Monarchs .
Shots for this period are 12 for Punishers vs 16 for Monarchs .
3rd period
0:01 of 3rd period - Patrik Berglund wins face-off versus Alyn McCauley in neutral zone.
0:12 of 3rd period - Snap shot by Martin Sonnenberg.
0:12 of 3rd period - Shot Misses the Net.
0:25 of 3rd period - Icing by Jimmie Olvestad.
0:26 of 3rd period - Jarret Stoll wins face-off versus John Mitchell in Punishers zone.
0:27 of 3rd period - Wrist shot by Colton Orr.
0:27 of 3rd period - Shot Misses the Net.
1:12 of 3rd period - Snap shot by Daniel Tjarnqvist.
1:12 of 3rd period - Stopped by Karri Ramo with a rebound.
1:38 of 3rd period - Slapshot by Carl Hagelin.
1:38 of 3rd period - Stopped by Karri Ramo without a rebound.
1:39 of 3rd period - Alyn McCauley wins face-off versus Patrik Berglund in Punishers zone.
1:41 of 3rd period - Icing by Tom Gilbert.
1:42 of 3rd period - Patrik Berglund wins face-off versus Alyn McCauley in Punishers zone.
1:45 of 3rd period - Snap shot by Patrik Berglund.
1:45 of 3rd period - Stopped by Karri Ramo with a rebound.
2:15 of 3rd period - Snap shot by Jimmie Olvestad.
2:15 of 3rd period - Shot Blocked by Bryan Bickell.
2:17 of 3rd period - Slapshot by Jimmie Olvestad.
2:17 of 3rd period - Shot Blocked by Bryan Bickell.
2:31 of 3rd period - Jere Lehtinen is hit by Zach Boychuk and loses puck.
2:50 of 3rd period - Marc-André Bergeron is hit by Anthony Peluso and loses puck.
2:56 of 3rd period - Icing by Marc-André Bergeron.
2:57 of 3rd period - Patrik Berglund wins face-off versus Brandon McMillan in Punishers zone.
3:00 of 3rd period - Snap shot by Patrik Berglund.
3:00 of 3rd period - Stopped by Karri Ramo without a rebound.
3:01 of 3rd period - Patrik Berglund wins face-off versus Alyn McCauley in Punishers zone.
3:16 of 3rd period - Snap shot by Alyn McCauley.
3:16 of 3rd period - Shot Blocked by Patrik Berglund.
4:16 of 3rd period - Snap shot by Alyn McCauley.
4:16 of 3rd period - Stopped by Michael Leighton with a rebound.
4:18 of 3rd period - Wrist shot by Viktor Stalberg.
4:18 of 3rd period - Shot Misses the Net.
4:28 of 3rd period - Snap shot by Carl Hagelin.
4:28 of 3rd period - Deflect By Patrice Cormier.
4:28 of 3rd period - Shot Misses the Net.
4:28 of 3rd period - Puck is out of play.
4:29 of 3rd period - Patrice Cormier wins face-off versus Brandon McMillan in Punishers zone.
4:33 of 3rd period - Minor Penalty to Marc-André Bergeron for Hooking.
4:34 of 3rd period - Jarret Stoll wins face-off versus Mike Grier in Punishers zone.
6:33 of 3rd period - Penalty to Marc-André Bergeron is over, Marc-André Bergeron is back on ice.
6:41 of 3rd period - Wrist shot by Mike Grier.
6:41 of 3rd period - Shot Blocked by Travis Hamonic.
6:58 of 3rd period - Off-side.
6:59 of 3rd period - Petteri Nokelainen wins face-off versus Jonathan Matsumoto in neutral zone.
7:33 of 3rd period - Snap shot by Tanner Glass.
7:33 of 3rd period - Shot Blocked by Colby Robak.
7:35 of 3rd period - Slapshot by Adam McQuaid.
7:35 of 3rd period - Stopped by Michael Leighton without a rebound.
7:36 of 3rd period - Jarret Stoll wins face-off versus Alyn McCauley in Monarchs zone.
7:36 of 3rd period - Jarret Stoll is hit by Mike Grier.
7:48 of 3rd period - Snap shot by Jarret Stoll.
7:48 of 3rd period - Stopped by Karri Ramo without a rebound.
7:49 of 3rd period - Jarret Stoll wins face-off versus John Mitchell in Punishers zone.
8:02 of 3rd period - Snap shot by Jarret Stoll.
8:02 of 3rd period - Stopped by Karri Ramo without a rebound.
8:03 of 3rd period - Alyn McCauley wins face-off versus Jarret Stoll in Punishers zone.
8:07 of 3rd period - Off-side.
8:08 of 3rd period - Alyn McCauley wins face-off versus Jarret Stoll in neutral zone.
8:21 of 3rd period - Travis Hamonic is hit by Viktor Stalberg and loses puck.
8:45 of 3rd period - Tom Gilbert is hit by Raphael Diaz.
9:05 of 3rd period - Slapshot by Daniel Tjarnqvist.
9:05 of 3rd period - Stopped by Karri Ramo without a rebound.
9:06 of 3rd period - Alyn McCauley wins face-off versus Martin Sonnenberg in Punishers zone.
9:50 of 3rd period - Slapshot by Daniel Tjarnqvist.
9:50 of 3rd period - Shot Misses the Net.
9:52 of 3rd period - Slapshot by Slava Voynov.
9:52 of 3rd period - Stopped by Karri Ramo with a rebound.
9:54 of 3rd period - Slapshot by Daniel Tjarnqvist.
9:54 of 3rd period - Shot Blocked by Tanner Glass.
10:18 of 3rd period - Snap shot by Chris Conner.
10:18 of 3rd period - Stopped by Michael Leighton without a rebound.
10:19 of 3rd period - Patrice Cormier wins face-off versus Alyn McCauley in Monarchs zone.
10:48 of 3rd period - Wrist shot by Carl Hagelin.
10:48 of 3rd period - Shot Misses the Net.
10:50 of 3rd period - Slapshot by Kevin Marshall.
10:50 of 3rd period - Stopped by Karri Ramo with a rebound.
11:04 of 3rd period - Slapshot by Raphael Diaz.
11:04 of 3rd period - Stopped by Karri Ramo with a rebound.
11:06 of 3rd period - Snap shot by Carl Hagelin.
11:06 of 3rd period - Stopped by Karri Ramo with a rebound.
11:08 of 3rd period - Snap shot by Patrice Cormier.
11:08 of 3rd period - Stopped by Karri Ramo without a rebound.
11:09 of 3rd period - Patrik Berglund wins face-off versus John Mitchell in Punishers zone.
11:15 of 3rd period - Minor Penalty to Tom Gilbert for Holding.
11:16 of 3rd period - Mike Grier wins face-off versus Jarret Stoll in Punishers zone.
11:36 of 3rd period - Slapshot by Raphael Diaz.
11:36 of 3rd period - Deflect By Alyn McCauley.
11:36 of 3rd period - Stopped by Karri Ramo with a rebound.
11:38 of 3rd period - Wrist shot by Bryan Bickell.
11:38 of 3rd period - Shot Misses the Net.
11:40 of 3rd period - Wrist shot by Slava Voynov.
11:40 of 3rd period - Shot Misses the Net.
11:46 of 3rd period - Wrist shot by Barry Tallackson.
11:46 of 3rd period - Stopped by Karri Ramo without a rebound.
11:47 of 3rd period - Jarret Stoll wins face-off versus Mike Grier in Punishers zone.
13:15 of 3rd period - Penalty to Tom Gilbert is over, Tom Gilbert is back on ice.
13:33 of 3rd period - Off-side.
13:34 of 3rd period - Brandon McMillan wins face-off versus Jonathan Matsumoto in neutral zone.
13:34 of 3rd period - Brandon McMillan is hit by Zach Boychuk.
13:42 of 3rd period - Slapshot by Jean-Luc Grand-Pierre.
13:42 of 3rd period - Stopped by Michael Leighton without a rebound.
13:43 of 3rd period - Jonathan Matsumoto wins face-off versus John Mitchell in Monarchs zone.
13:56 of 3rd period - Slapshot by Jonathan Matsumoto.
13:56 of 3rd period - Stopped by Karri Ramo with a rebound.
13:58 of 3rd period - Backhand shot by Jonathan Matsumoto.
13:58 of 3rd period - Shot Blocked by Mark Fraser.
14:00 of 3rd period - Slapshot by Kevin Marshall.
14:00 of 3rd period - Shot Blocked by Mark Fraser.
14:02 of 3rd period - Wrist shot by Zach Boychuk.
14:02 of 3rd period - Deflect By Barry Tallackson.
14:02 of 3rd period - Shot Blocked by Justin Falk.
14:02 of 3rd period - Puck is out of play.
14:03 of 3rd period - Alyn McCauley wins face-off versus Patrik Berglund in Punishers zone.
14:10 of 3rd period - Slapshot by Travis Hamonic.
14:10 of 3rd period - Deflect By Patrik Berglund.
14:10 of 3rd period - Shot Misses the Net.
14:10 of 3rd period - Puck is out of play.
14:11 of 3rd period - Patrik Berglund wins face-off versus Alyn McCauley in Punishers zone.
14:14 of 3rd period - Snap shot by Chris Clark.
14:14 of 3rd period - Shot Blocked by Tom Gilbert.
14:16 of 3rd period - Snap shot by Martin Sonnenberg.
14:16 of 3rd period - Shot Misses the Net.
14:18 of 3rd period - Slapshot by Raphael Diaz.
14:18 of 3rd period - Stopped by Karri Ramo with a rebound.
14:20 of 3rd period - Wrist shot by Patrik Berglund.
14:20 of 3rd period - Shot Blocked by Tom Gilbert.
14:22 of 3rd period - Wrist shot by Patrik Berglund.
14:22 of 3rd period - Shot Misses the Net.
14:24 of 3rd period - Slapshot by Raphael Diaz.
14:24 of 3rd period - Shot Blocked by Jason Demers.
14:26 of 3rd period - Wrist shot by Travis Hamonic.
14:26 of 3rd period - Shot Misses the Net.
14:41 of 3rd period - Wrist shot by Viktor Stalberg.
14:41 of 3rd period - Shot Blocked by Barry Tallackson.
14:43 of 3rd period - Snap shot by Mike Grier.
14:43 of 3rd period - Stopped by Michael Leighton with a rebound.
14:45 of 3rd period - Snap shot by Mike Grier.
14:45 of 3rd period - Stopped by Michael Leighton without a rebound.
14:46 of 3rd period - John Mitchell wins face-off versus Patrik Berglund in Monarchs zone.
14:47 of 3rd period - Wrist shot by Chris Conner.
14:47 of 3rd period - Shot Misses the Net.
15:21 of 3rd period - Minor Penalty to Petteri Nokelainen for Tripping.
15:22 of 3rd period - Mike Grier wins face-off versus Jarret Stoll in Punishers zone.
15:31 of 3rd period - Martin Sonnenberg is hit by Jason Demers.
15:39 of 3rd period - Viktor Stalberg is hit by Daniel Tjarnqvist.
16:09 of 3rd period - Bryan Bickell is hit by Jimmie Olvestad and loses puck.
16:18 of 3rd period - Slapshot by Slava Voynov.
16:18 of 3rd period - Shot Blocked by Jason Demers.
16:42 of 3rd period - Wrist shot by Patrik Berglund.
16:42 of 3rd period - Goal by Patrik Berglund - Punishers : 1 - Monarchs : 4.
16:43 of 3rd period - Patrice Cormier wins face-off versus Alyn McCauley in neutral zone.
17:32 of 3rd period - Snap shot by Jere Lehtinen.
17:32 of 3rd period - Shot Blocked by Colby Robak.
17:34 of 3rd period - Wrist shot by Petteri Nokelainen.
17:34 of 3rd period - Deflect By Jere Lehtinen.
17:34 of 3rd period - Stopped by Michael Leighton with a rebound.
17:36 of 3rd period - Snap shot by Jere Lehtinen.
17:36 of 3rd period - Stopped by Michael Leighton without a rebound.
17:37 of 3rd period - Martin Sonnenberg wins face-off versus Alyn McCauley in Monarchs zone.
18:02 of 3rd period - John Mitchell is hit by Jarret Stoll and loses puck.
18:27 of 3rd period - Slapshot by Marc-André Bergeron.
18:27 of 3rd period - Stopped by Michael Leighton with a rebound.
19:31 of 3rd period - Slapshot by Chris Conner.
19:31 of 3rd period - Shot Blocked by Colton Orr.
19:33 of 3rd period - Wrist shot by Jimmie Olvestad.
19:33 of 3rd period - Shot Hit the Post.
19:35 of 3rd period - Wrist shot by Jimmie Olvestad.
19:35 of 3rd period - Stopped by Michael Leighton with a rebound.
19:50 of 3rd period - Wrist shot by Petteri Nokelainen.
19:50 of 3rd period - Stopped by Michael Leighton with a rebound.
19:52 of 3rd period - Backhand shot by Jason Demers.
19:52 of 3rd period - Stopped by Michael Leighton without a rebound.
19:53 of 3rd period - Patrik Berglund wins face-off versus Alyn McCauley in Monarchs zone.
19:53 of 3rd period - Patrik Berglund is hit by Jason Demers.
Goals for this period are 0 for Punishers vs 1 for Monarchs .
Shots for this period are 12 for Punishers vs 17 for Monarchs .
Output by the SimonT Hockey Simulator (STHS) for François Prévost -- Original Page W3C XHTML 1.0 Valid